 Dungeon Crawl Stone Soup version 0.30-a0-626-gd6a5dd7a1f (webtiles) character file.

Game seed: 5015498493086989485

56 bande the Covered (level 3, -1/24 HPs)
             Began as a Gargoyle Fighter on Jan 12, 2023.
             Slain by Crazy Yiuf
             ... wielding a +2 quarterstaff of chaos
              (10 damage)
             ... on level 2 of the Dungeon.
             The game lasted 00:01:49 (1556 turns).

bande the Covered (Gargoyle Fighter)                Turns: 1556, Time: 00:01:49

Health: -1/24      AC: 10    Str: 19    XL:     3   Next: 97%
Magic:  3/3        EV: 14    Int:  8    God:
Gold:   84         SH:  4    Dex: 11    Spells: 2/2 levels left

rFire   . . .      SeeInvis .    a - +0 war axe
rCold   . . .      Faith    .    c - +0 buckler
rNeg    + . .      Spirit   .    b - +0 scale mail
rPois   ∞          Reflect  .    (no helmet)
rElec   +          Harm     .    (no cloak)
rCorr   .          Rampage  .    (no gloves)
Will    .....                    (no boots) Stlth
                                 (no amulet)
HPRegen 0.24/turn                (no ring)
MPRegen 0.08/turn                (no ring)

@: mighty, agile
A: sickness immunity, AC +3, negative energy resistance 1, electricity
resistance, torment resistance 1, petrification resistance
a: no special abilities


You were on level 2 of the Dungeon.
You visited 1 branch of the dungeon, and saw 2 of its levels.

You collected 84 gold pieces.

Inventory:

Hand Weapons
 a - a +0 war axe (weapon)
Armour
 b - a +0 scale mail (worn)
 c - a +0 buckler (worn)
Scrolls
 f - 2 scrolls of fog {unknown}
 g - a scroll of enchant armour {unknown}
 l - a scroll of fear {unknown}
 m - a scroll of vulnerability {unknown}
 o - a scroll of identify {unknown}
 p - a scroll of amnesia {unknown}
 r - a scroll of brand weapon {unknown}
Potions
 d - 3 potions of might
 e - a potion of haste
 h - a potion of ambrosia {unknown}
 i - a potion of degeneration {unknown}
 j - 2 potions of cancellation {unknown}
 k - a potion of flight {unknown}
 n - a potion of curing {unknown}
 q - a potion of lignification {unknown}


   Skills:
 + Level 3.7 Fighting
 + Level 2.6 Axes
 + Level 3.8 Armour
 + Level 3.6 Shields


You had 2 spell levels left.
You didn't know any spells.
Your spell library was empty.

Dungeon Overview and Level Annotations

Branches:
Dungeon (2/15)

Altars:

Annotations:
D:2 Crazy Yiuf


Innate Abilities, Weirdness & Mutations

You are immune to sickness and miasma.
Your stone body is resilient. (AC +3)
You are immune to poison.
You resist negative energy. (rN+)
You are resistant to electric shocks. (rElec)
You are resistant to unholy torment.
You are immune to petrification.


Message History

The goblin hits you but does no damage.
You slash the goblin!
You kill the goblin!
No target in view!
No target in view!
No target in view!
No target in view!
No target in view!
q - a metallic coppery potion;
r - a scroll labelled BUNUEN ETIUNO You now have 84 gold pieces (gained 4).
Things that are here:
a +0 whip; a +0 ring mail; a goblin corpse
Found a dagger.
You see here a +0 dagger.
Crazy Yiuf shouts!
No reachable target in view!
No reachable target in view!
No reachable target in view!
No reachable target in view!
No reachable target in view!
No reachable target in view!
No reachable target in view!
You open the door. You barely miss Crazy Yiuf.
Crazy Yiuf drinks a potion.
Crazy Yiuf seems to speed up.
Crazy Yiuf says, "Tonal cloud pizzabubble!"
You block Crazy Yiuf's attack.
You hit Crazy Yiuf.
Crazy Yiuf is lightly wounded.
Crazy Yiuf hits you with a +2 quarterstaff of chaos!
Ouch! That really hurt!
You feel agile all of a sudden.
Crazy Yiuf yells, "Orb!
Aardvark snockshim forty-two."
Crazy Yiuf completely misses you.
You hit Crazy Yiuf but do no damage.
Crazy Yiuf is lightly wounded.
Crazy Yiuf hits you with a +2 quarterstaff of chaos.
You feel very mighty all of a sudden.
Crazy Yiuf hits you with a +2 quarterstaff of chaos!
You die...

##.....###.....#
#......
########...####
#...... #...# ##.....
##### #...... #......
#...... ###
♣♣####...... #)..#♣♣
♣♣..#.#......
#...g@♣♣♣♣............
#...#♣..♣.............
### ♣♣♣.♣...###....##
♣♣♣♣♣## ######


You could see Crazy Yiuf (fast).

Vanquished Creatures
  An adder (D:2)
  A worm (D:2)
  3 dart slugs
  4 endoplasms (D:1)
  5 goblins
  2 hobgoblins
  3 kobolds
  2 quokkas (D:2)
  7 ball pythons
  3 bats
  4 frilled lizards
  3 rats
38 creatures vanquished.

Notes
Turn   | Place    | Note
-------+----------+-------------------------------------------
     0 | D:1      | bande the Gargoyle Fighter began the quest for the Orb.
     0 | D:1      | Reached XP level 1. HP: 14/14 MP: 1/1
    86 | D:1      | Reached XP level 2. HP: 15/19 MP: 2/2
   563 | D:1      | Reached XP level 3. HP: 18/24 MP: 3/3
  1181 | D:2      | Found a runed translucent door.
  1182 | D:2      | Noticed Crazy Yiuf
  1397 | D:2      | Found a faded altar of an unknown god.
  1556 | D:2      | Slain by Crazy Yiuf

Illustrated notes

Levels and vault maps discovered:
D:1:      matt_arrival_grand_opening, layout_loops_ring,
          ebering_dispersal_statue_hall
D:2:      layout_rooms, shapermc_ecumenical_altar_starsandcircs,
          uniq_crazy_yiuf_cottage

Skill      XL: |  1  2 |
---------------+-------+-----
Axes           | 2 |  2.6
Fighting       | |  3.7
Armour         | |  3.8
Shields        | |  3.6

Action                   || total
-------------------------++-------
Melee: War axe           ||   124
Armor: Scale mail        ||    66
Dodge: Dodged            ||    73
Block: Buckler           ||    32

Table legend: (Time is in decaauts)
 A = Elapsed time spent in this place.
 B = Non-inter-level travel time spent in this place.
 C = Inter-level travel time spent in this place.
 D = Time resting spent in this place.
 E = Time spent auto-exploring this place.
 F = Levels seen in this place.
 G = Mean time per level.
                   A        B        C        D        E       F      G
               +--------+--------+--------+--------+--------+-----+--------+
         Total |   1609 |   1498 |    111 |    139 |   1059 |   2 |  804.5 |
       Dungeon |   1609 |   1498 |    111 |    139 |   1059 |   2 |  804.5 |
               +--------+--------+--------+--------+--------+-----+--------+

Top non-repeatable levels by time:
     D:1: 1005 daAuts
     D:2: 604 daAuts
